Map: Cactus Valley LE (Void)

Players

Pete

  • Race: Terran Terran
  • League: Diamond
  • Spawn Location: 1:00

GriM - Winner!

  • Race: Protoss Protoss
  • League: Diamond
  • Spawn Location: 5:00

VOD

Have the link to the VOD?

Description

Time

  • Played on: Feb. 9, 2017, 4:44 p.m.
  • Length: 11:25
Show
View Real Time Build Order
Export as new Build Order

Pete Terran 

Build Orders: Reaper Expand, MMM Bio 

Get SALT Encoding   

  12  0:00  SCV  
  13  0:17  Supply Depot  
  13  0:24  SCV  
  14  0:37  Refinery  
  14  0:39  Barracks  
  14  0:41  SCV  
  15  0:53  SCV  
  16  1:05  SCV  
  17  1:19  SCV  
  18  1:28  Reaper  
  18  1:32  Orbital Command  
  19  1:47  Command Center  
  19  1:59  SCV  
  20  2:01  Supply Depot  
  20  2:04  Barracks Tech Lab  
  20  2:12  Factory  
  20  2:20  SCV  
  21  2:32  Refinery, Marine, SCV  
  23  2:47  Stimpack  
  23  2:49  SCV  
  23  2:50  Marine  
  25  3:01  Orbital Command  
  24  3:14  SCV  
  24  3:18  Bunker  
  25  3:28  SCV x2  
  25  3:32  Barracks  
  25  3:33  Barracks  
  27  3:34  Engineering Bay  
  27  3:40  Factory Reactor  
  27  3:44  Starport  
  27  3:47  Marine  
  28  3:51  SCV  
  28  3:52  SCV  
  30  4:04  Marine, Missile Turret  
  30  4:06  Missile Turret  
  30  4:07  SCV  
  32  4:22  Marine  
  32  4:23  Barracks Tech Lab  
  32  4:24  Barracks Reactor  
  33  4:27  Medivac x2  
  37  4:32  SCV x2  
  37  4:37  Supply Depot  
  39  4:40  Marine  
  39  4:44  SCV  
  41  4:46  Marine  
  42  4:58  Marine  
  43  5:01  Marine x2  
  43  5:04  Marine, Supply Depot  
  46  5:16  Marine  
  46  5:18  Command Center  
  46  5:19  Marine x2  
  49  5:22  Marine  
  50  5:33  Marine  
  51  5:36  Marine  
  51  5:37  Marine  
  51  5:38  SCV x2  
  51  5:40  Marine, Barracks  
  51  5:41  Barracks  
  56  5:44  Supply Depot  
  56  5:51  Marine  
  56  5:54  Marine x2  
  59  5:58  Marine  
  59  6:00  SCV x2  
  59  6:02  Missile Turret  
  62  6:09  Marine  
  63  6:12  Marine x2, Supply Depot x2, Terran Infantry Weapons Level 1  
  63  6:13  Medivac  
  63  6:15  Marine  
  63  6:17  Missile Turret  
  68  6:27  Factory Reactor, Marine  
  68  6:28  Barracks Reactor  
  68  6:29  Barracks Tech Lab  
  68  6:30  Marine x2  
  68  6:32  Refinery  
  71  6:33  Refinery, Marine  
  71  6:34  Supply Depot  
  63  7:16  Marine x5  
  63  7:21  Engineering Bay, Planetary Fortress  
  63  7:22  Armory  
  68  7:23  SCV x2  
  62  7:34  Medivac  
  62  7:35  Medivac, SCV x2  
  62  7:36  Widow Mine x2  
  72  7:38  Marine  
  72  7:39  Marine  
  74  7:47  Supply Depot, SCV x2  
  76  7:56  Combat Shields  
  76  7:57  Concussive Shells  
  76  7:59  SCV x2  
  76  8:01  Marine x5, Marauder x2  
  87  8:11  SCV x2  
  89  8:13  Liberator  
  87  8:23  SCV x2  
  86  8:28  Marine x3, Marauder x2  
  86  8:33  Refinery  
  96  8:34  Refinery  
  96  8:36  Supply Depot x2  
  96  8:47  Marine x4, Marauder  
  102  8:49  Marine, Marauder  
  102  8:51  Supply Depot, Terran Infantry Weapons Level 2  
  102  8:52  Supply Depot  
  105  9:05  Marine x2  
  105  9:07  Marauder  
  105  9:08  Marine x2  
  105  9:09  Marauder  
  113  9:11  Marauder  
  115  9:22  Marine  
  115  9:23  Marine  
  117  9:25  Terran Infantry Armor Level 1  
  117  9:26  SCV x2  
  117  9:27  SCV  
  117  9:29  Marauder  
  117  9:30  Marauder  
  118  9:38  SCV  
  114  9:57  Marine x3, Marauder  
  114  9:58  Marine x2, Marauder  
  123  10:01  SCV  
  124  10:07  SCV  
  125  10:15  Marine x4  
  125  10:17  Medivac x2  
  110  10:32  Marine  
  110  10:33  Marauder x2  
  92  10:40  Marine, Marauder  
  92  10:42  Marine x2  
  88  10:50  Marine  
  88  10:54  Marauder x2  
  77  10:58  Marine  
  77  11:00  Marine x2  
  77  11:02  Marauder  
Show
View Real Time Build Order
Export as new Build Order

GriM Protoss - Winner!

Build Orders: 1 Gate Expand 

Get SALT Encoding   

  12  0:01  Probe (Chrono Boost)  
  13  0:12  Probe (Chrono Boost)  
  14  0:22  Pylon  
  14  0:31  Probe (Chrono Boost)  
  15  0:40  Gateway  
  16  0:42  Probe (Chrono Boost)  
  16  0:50  Assimilator  
  16  0:54  Probe (Chrono Boost)  
  17  1:04  Probe (Chrono Boost)  
  18  1:15  Probe (Chrono Boost)  
  19  1:27  Nexus  
  19  1:41  Cybernetics Core  
  19  1:43  Probe (Chrono Boost)  
  20  1:51  Assimilator  
  20  1:54  Probe (Chrono Boost)  
  21  2:04  Probe (Chrono Boost)  
  21  2:05  Warp Gate  
  21  2:07  Pylon  
  22  2:25  Adept  
  22  2:28  Mothership Core (Chrono Boost)  
  26  2:37  Robotics Facility  
  26  2:46  Probe (Chrono Boost)  
  26  2:48  Probe (Chrono Boost)  
  28  2:57  Probe (Chrono Boost)  
  30  3:00  Probe (Chrono Boost)  
  30  3:19  Gateway x2, Probe (Chrono Boost)  
  32  3:20  Probe (Chrono Boost)  
  32  3:30  Probe (Chrono Boost)  
  32  3:32  Twilight Council  
  33  3:35  Observer  
  33  3:37  Probe (Chrono Boost)  
  33  3:41  Adept  
  37  3:45  Probe (Chrono Boost)  
  39  3:50  Probe (Chrono Boost)  
  39  3:54  Pylon  
  39  3:56  Probe (Chrono Boost)  
  40  4:05  Probe (Chrono Boost)  
  40  4:07  Observer  
  42  4:10  Resonating Glaives  
  42  4:12  Probe (Chrono Boost)  
  43  4:21  Assimilator  
  43  4:22  Adept x2  
  47  4:25  Assimilator  
  47  4:27  Probe (Chrono Boost)  
  47  4:30  Probe (Chrono Boost), Pylon  
  49  4:34  Pylon  
  50  4:39  Probe (Chrono Boost)  
  50  4:43  Observer  
  50  4:44  Probe (Chrono Boost)  
  52  4:54  Robotics Bay  
  52  4:55  Probe (Chrono Boost), Pylon  
  53  5:06  Probe (Chrono Boost)  
  55  5:08  Probe (Chrono Boost)  
  55  5:13  Adept x2  
  55  5:14  Adept  
  61  5:17  Probe (Chrono Boost)  
  62  5:23  Pylon  
  62  5:25  Gateway x2  
  62  5:30  Probe (Chrono Boost)  
  62  5:31  Probe (Chrono Boost)  
  62  5:33  Pylon  
  62  5:35  Stalker x2  
  66  5:39  Stalker  
  70  5:46  Pylon  
  70  6:08  Nexus  
  70  6:20  Probe (Chrono Boost)  
  70  6:21  Stalker x3, Probe (Chrono Boost)  
  78  6:33  Probe (Chrono Boost)  
  78  6:35  Probe (Chrono Boost)  
  78  6:36  Stalker x2  
  84  6:44  Probe (Chrono Boost)  
  84  6:45  Colossus  
  92  6:47  Probe (Chrono Boost), Extended Thermal Lance  
  92  7:17  Probe (Chrono Boost)  
  92  7:18  Probe (Chrono Boost)  
  92  7:22  Pylon  
  94  7:24  Blink  
  94  7:26  Pylon  
  95  7:30  Probe (Chrono Boost)  
  95  7:36  Adept x2  
  99  7:37  Adept x3  
  99  7:39  Colossus  
  99  7:41  Probe x2 (Chrono Boost)  
  99  7:43  Probe (Chrono Boost)  
  114  7:49  Gateway  
  114  7:51  Gateway  
  114  8:02  Probe x2 (Chrono Boost)  
  114  8:03  Probe (Chrono Boost)  
  117  8:09  Assimilator  
  117  8:13  Assimilator  
  117  8:29  Stalker  
  117  8:30  Stalker x4  
  117  8:32  Colossus  
  133  8:56  Pylon  
  133  8:57  Templar Archives, Pylon  
  133  8:59  Pylon  
  133  9:02  Pylon  
  133  9:03  Gateway  
  133  9:05  Gateway  
  133  9:08  Gateway, Pylon  
  133  9:13  Pylon  
  133  9:14  Probe x2 (Chrono Boost)  
  133  9:16  Probe (Chrono Boost)  
  136  9:17  Stalker  
  136  9:18  Stalker x6  
  150  9:25  Probe x2 (Chrono Boost)  
  150  9:27  Observer  
  150  9:28  Probe (Chrono Boost)  
  154  9:35  Probe (Chrono Boost)  
  141  9:47  Colossus  
  147  10:12  Probe (Chrono Boost)  
  147  10:13  Forge  
  147  10:14  Forge, Probe (Chrono Boost)  
  149  10:21  Pylon  
  149  10:26  Nexus  
  133  10:38  Adept x7  
  133  10:39  Adept x3, Pylon  
  153  10:42  Gateway  
  143  11:16  Adept x3  
  143  11:17  Adept x7  
Tags
 
Add a new tag
Caveats
  • Supply blocks, unpowered buildings, or Contaminate may cause inaccurate times.
  • Supply counts are checked every 10 seconds.